 Dungeon Crawl Stone Soup version 0.26-a0-21-gf97e55dc39 (webtiles) character file.

Game seed: 14568514748606221878, levelgen mode: deterministic

168 Lauz the Cudgeler (level 5, -3/33 HPs)
             Began as a Gargoyle Fighter on May 26, 2020.
             Splashed by Ijyb's acid (16 damage)
             ... on level 3 of the Dungeon.
             The game lasted 00:07:03 (2847 turns).

Lauz the Cudgeler (Gargoyle Fighter)                Turns: 2847, Time: 00:07:04

Health: -3/33      AC:  6    Str: 20    XL:     5   Next: 49%
Magic:  5/5        EV:  7    Int:  9    God:
Gold:   91         SH:  9    Dex:  9    Spells: 4/4 levels left

rFire    . . .     SeeInvis .   a - +0 flail
rCold    . . .     Gourm    .   c - +0 kite shield
rNeg     + . .     Faith    .   b - +0 scale mail
rPois    ∞         Spirit   .   (no helmet)
rElec    +         Reflect  .   (no cloak)
rCorr    .         Harm     .   (no gloves)
MR       .....                  (no boots)
Stlth    ..........             (no amulet)
HPRegen  0.11/turn              (no ring)
MPRegen  0.09/turn              (no ring)

@: corroded
A: negative energy resistance 1, electricity resistance, unbreathing,
petrification resistance, rot immunity, AC +4
a: no special abilities


You were on level 3 of the Dungeon.
You were not hungry.

You visited 1 branch of the dungeon, and saw 3 of its levels.

You collected 91 gold pieces.

Inventory:

Hand Weapons
 a - a +0 flail (weapon)
Missiles
 k - 44 stones (quivered)
Armour
 b - a +0 scale mail (worn)
 c - a +0 kite shield (worn)
Magical Staves
 n - an uncursed staff of death {unknown}
Scrolls
 e - 2 scrolls of identify {unknown}
 i - a scroll of enchant armour {unknown}
 l - 2 scrolls of blinking {unknown}
 m - a scroll of remove curse {unknown}
 p - a scroll of enchant weapon {unknown}
 q - a scroll of amnesia {unknown}
 t - 2 scrolls of teleportation {unknown}
Potions
 d - 3 potions of might
 h - 2 potions of heal wounds {unknown}
 j - a potion of mutation {unknown}
 o - a potion of ambrosia {unknown}
 r - a potion of stabbing {unknown}
 s - a potion of haste {unknown}
Comestibles
 f - 6 rations
 g - a chunk of flesh


   Skills:
 + Level 3.8 Fighting
 * Level 4.9 Maces & Flails
 - Level 3.4 Armour
 - Level 3.5 Shields


You had 4 spell levels left.
You didn't know any spells.
Your spell library was empty.

Dungeon Overview and Level Annotations

Branches:
Dungeon (3/15)

Altars:
Cheibriados
Kikubaaqudgha
Sif Muna

Annotations:
D:3 Ijyb


Innate Abilities, Weirdness & Mutations

You are resistant to torment.
Your stone body is resilient. (AC +4)
You are immune to poison.
You resist negative energy. (rN+)
You are resistant to electric shocks. (rElec)
You can survive without breathing.
You are immune to petrification.
You are immune to rotting.


Message History

You kill the frilled lizard!
No target in view!
You butcher the adder corpse.
g - a chunk of flesh You see here an adder skeleton. x2
Found a plate armour.
As you open the door, it creaks loudly!
You hear a shout!
Ijyb the Twisted Goblin comes into view.
She is wielding a +0 dagger, wearing a +3 ring mail of magic resistance and carrying a wand of acid (7).
There is an open door here.
Sorry, you're not good enough to have a special ability.
Unknown command.
You enter the shallow water.
Moving in this stuff is going to be slow.
You close the door.
Something unseen opens the door.
You open the door.
Ijyb zaps a wand.
The bolt of acid hits you!!
Ouch! That really hurt!
The acid corrodes you!
You are splashed with acid!
You die...

#############
#).....>..<.##########
#.#..................#
##.#.#######.##.#######
#####....# ###@####
.........# #≈≈≈≈≈#
#####...### #≈≈≈≈≈#
##.###. #≈≈≈≈≈# .. #.#
#.# #≈≈≈≈≈# ...
#)###.#####g###....
#####......# #.......g
#......###.####........
#.###..# #.............


You could see Ijyb.

Vanquished Creatures
  4 gnolls (D:2)
  7 adders
  A worm (D:2)
  3 dart slugs (D:1)
  A leopard gecko (D:1)
  2 giant cockroaches
  8 goblins
  5 hobgoblins
  4 jackals
  7 kobolds
  3 quokkas (D:2)
  8 ball pythons (D:2)
  5 bats
  4 frilled lizards
  2 rats
64 creatures vanquished.

Notes
Turn   | Place    | Note
-------+----------+-------------------------------------------
     0 | D:1      | Lauz the Gargoyle Fighter began the quest for the Orb.
     0 | D:1      | Reached XP level 1. HP: 14/14 MP: 1/1
   441 | D:1      | Reached XP level 2. HP: 10/19 MP: 2/2
   633 | D:1      | Found a snail-covered altar of Cheibriados.
   845 | D:1      | Reached XP level 3. HP: 17/23 MP: 3/3
  1281 | D:2      | Reached skill level 3 in Maces & Flails
  1644 | D:2      | Reached XP level 4. HP: 26/28 MP: 4/4
  2051 | D:2      | Reached skill level 4 in Maces & Flails
  2114 | D:2      | Found a shimmering blue altar of Sif Muna.
  2115 | D:2      | Found an ancient bone altar of Kikubaaqudgha.
  2420 | D:2      | Reached XP level 5. HP: 33/33 MP: 5/5
  2667 | D:3      | Noticed a centaur
  2840 | D:3      | Noticed Ijyb
  2847 | D:3      | Splashed by Ijyb's acid

Illustrated notes

Levels and vault maps discovered:
D:1:      zaba_arrival_water, layout_basic, cheibriados_altar_1
D:2:      layout_basic, gammafunk_temple_overflow_pools,
          kennysheep_decorative_pillar, minmay_snake_closets
D:3:      layout_loops_ring, chequers_temple_overflow_statue_of_worship,
          chequers_serial_rivers_room_b, uniq_crazy_yiuf_cottage, uniq_sigmund,
          uniq_ijyb

Skill      XL: |  1  2  3  4 |
---------------+-------------+-----
Maces & Flails | 3 4 |  4.9
Fighting       | |  3.8
Armour         | |  3.4
Shields        | |  3.5

Action                   |  1- 3 |  4- 6 || total
-------------------------+-------+-------++-------
Melee: Flail             |   158 |   147 ||   305
  Eat: Chunk             |     3 |     4 ||     7
Armor: Scale mail        |    69 |    84 ||   153
Dodge: Dodged            |    40 |    45 ||    85
Block: Kite shield       |    73 |    80 ||   153

Table legend:
 A = Non-vault XP
 B = Vault XP
 C = Vault XP percentage of total XP
 D = Non-vault monster count
 E = Vault monster count
 F = Vault count percentage of total count
                 A         B        C        D         E       F
            +---------+---------+-------+---------+---------+-------
      Total |     169 |      72 |  29.9 |      53 |      11 |  17.2
            +---------+---------+-------+---------+---------+-------
        D:1 |      44 |       0 |   0.0 |      20 |       0 |   0.0
        D:2 |     108 |      72 |  40.0 |      29 |      11 |  27.5
        D:3 |      17 |       0 |   0.0 |       4 |       0 |   0.0
            +---------+---------+-------+---------+---------+-------
